 Dungeon Crawl Stone Soup version 0.28-a0-938-gbc3f381ebc (webtiles) character file.

Game seed: 18272130988782506957

694247 blank1 the Conqueror (level 27, -10/409 HPs)
             Began as a Minotaur Fighter on Nov 29, 2021.
             Was the Champion of Okawaru.
             Mangled by a dread lich (12 damage)
             ... on level 5 of the Realm of Zot.
             The game lasted 04:17:09 (76947 turns).

blank1 the Conqueror (Minotaur Fighter)            Turns: 76947, Time: 04:17:09

Health: -10/409    AC: 54    Str: 29    XL:     27
Magic:  41/43      EV: 23    Int:  8    God:    Okawaru [******]
Gold:   4851       SH: 21    Dex: 21    Spells: 36/36 levels left

rFire   + + .      SeeInvis +   Q - +8 demon trident "Rift" {distort, reach+}
rCold   + + .      Faith    .   r - +1 kite shield {AC+3}
rNeg    + + .      Spirit   .   y - +12 gold dragon scales
rPois   +          Reflect  +   (helmet restricted)
rElec   +          Harm     .   o - +2 cloak of the Good {+Inv rF+}
rCorr   +          Rampage  .   t - +2 pair of gloves "Qiesty" {MP+9 Dex+2 SInv}
Will    +++..      Rnd*Tele +   F - +2 pair of boots {Stlth+}
Stlth   ..........              K - amulet "Ezaiq" {Reflect rN+ rCorr Str-2 SH+5}
HPRegen 0.78/turn               b - ring "Jeack" {rN+ Will+ Int+3 Dex+3 Stlth+}
MPRegen 0.28/turn               R - ring of Ohuegorgh {rElec Dex+3 SInv}

@: berserking, marked, hasted, studying 3 skills, unable to read, very quick
A: horns 2, retaliatory headbutt, talons 1, see invisible, cold resistance 1,
teleportitis 2, wild magic 1, evolution 1, no potion heal 1
}: 5/15 runes: barnacled, slimy, silver, abyssal, gossamer
a: Renounce Religion, Evoke Invisibility, Heroism, Finesse, Duel


You were on level 5 of the Realm of Zot.
You worshipped Okawaru.
Okawaru was exalted by your worship.
You visited 10 branches of the dungeon, and saw 53 of its levels.
You visited the Abyss 4 times.
You visited 1 bazaar.
You also visited: Sewer, Gauntlet and Wizlab.

You collected 7898 gold pieces.
You spent 3047 gold pieces at shops.

Inventory:

Hand Weapons
 s - the +6 eveningstar of the Thirsty Friends {elec, Str+6 Dex+4 Stlth-}
   (Okawaru gifted it to you on level 5 of the Vaults)

   It occasionally discharges a powerful burst of electricity upon striking a
   foe.
   Str:       It affects your strength (+6).
   Dex:       It affects your dexterity (+4).
   Stlth:     It makes you less stealthy.
 C - the +8 morningstar of the Sixty-Six Coins {antimagic, rElec rC+ Str-5 Int+2}
   (You bought it in a shop on level 9 of the Dungeon)

   It reduces the magical energy of the wielder, and disrupts the spells and
   magical abilities of those it strikes.
   Natural abilities and divine invocations are not affected.
   Str:       It affects your strength (-5).
   Int:       It affects your intelligence (+2).
   rC:        It protects you from cold.
   rElec:     It insulates you from electricity.
 Q - the +8 demon trident "Rift" (weapon) {distort, reach+}
   (You found it on level 11 of the Dungeon)

   It warps and distorts space around it, and may blink, banish, or inflict
   extra damage upon those it strikes.
   Unwielding it can cause banishment or high damage.
   It can reach especially far, and its reaching attacks ignore other creatures
   in the way.
Missiles
 w - 6 throwing nets (quivered)
Armour
 o - the +2 cloak of the Good (worn) {+Inv rF+}
   (You found it in a wizard's laboratory)

   rF:        It protects you from fire.
   +Inv:      It lets you turn invisible.
 r - a +1 kite shield of protection (worn)
 t - the +2 pair of gloves "Qiesty" (worn) {MP+9 Dex+2 SInv}
   (You bought it in a shop on level 13 of the Dungeon)

   Dex:       It affects your dexterity (+2).
   MP:        It affects your magic capacity (+9).
   SInv:      It lets you see invisible.
 x - a +2 hat of stealth
 y - +12 gold dragon scales (worn)
 F - a +2 pair of boots of stealth (worn)
 X - the +1 cloak of Starlight {*Dazzle EV+4 Stlth--}
   (You found it in a wizard's laboratory)

   It may blind those who miss an attack against the wearer in melee combat.
   EV:        It affects your evasion (+4).
   Stlth:     It makes you much less stealthy.
Jewellery
 b - the ring "Jeack" (left hand) {rN+ Will+ Int+3 Dex+3 Stlth+}
   (You took it off a deep elf sorcerer on level 3 of the Elven Halls)

   [ring of willpower]

   Int:       It affects your intelligence (+3).
   Dex:       It affects your dexterity (+3).
   rN:        It protects you from negative energy.
   Will:      It increases your willpower.
   Stlth:     It makes you more stealthy.
 h - the ring of Rometits {rC+ Dex+6}
   (You acquired it on level 3 of the Dungeon)

   [ring of dexterity]

   Dex:       It affects your dexterity (+6).
   rC:        It protects you from cold.
 m - a ring of flight
 K - the amulet "Ezaiq" (around neck) {Reflect rN+ rCorr Str-2 SH+5}
   (You found it in a Gauntlet)

   [amulet of reflection]

   It reflects blocked missile attacks.
   Str:       It affects your strength (-2).
   rN:        It protects you from negative energy.
   rCorr:     It protects you from acid and corrosion.
   SH:        It affects your SH (+5).
 R - the ring of Ohuegorgh (right hand) {rElec Dex+3 SInv}
   (You found it on level 11 of the Dungeon)

   [ring of see invisible]

   Dex:       It affects your dexterity (+3).
   rElec:     It insulates you from electricity.
   SInv:      It lets you see invisible.
Wands
 n - a wand of polymorph (22)
 p - a wand of acid (22)
 v - a wand of flame (264)
 A - a wand of iceblast (54)
 B - a wand of digging (30)
 M - a wand of paralysis (4)
Scrolls
 q - 7 scrolls of brand weapon
 u - 8 scrolls of teleportation
 D - 3 scrolls of blinking
 E - 9 scrolls of amnesia
 G - 5 scrolls of magic mapping
 H - 29 scrolls of identify
 I - 6 scrolls of fear
 L - 10 scrolls of fog
 O - 7 scrolls of holy word
 T - 8 scrolls of enchant weapon
Potions
 a - 21 potions of curing
 c - 4 potions of invisibility
 d - 16 potions of heal wounds
 e - 6 potions of lignification
 f - a potion of mutation
 g - 8 potions of attraction
 i - 9 potions of flight
 j - 11 potions of ambrosia
 k - 11 potions of haste
 l - 4 potions of brilliance
 z - 6 potions of might
 J - 6 potions of magic
 U - 5 potions of berserk rage
 V - 2 potions of resistance
 W - 2 potions of cancellation


   Skills:
 O Level 27 Fighting
 - Level 16.0 Maces & Flails
 - Level 18.0 Polearms
 O Level 27 Armour
 O Level 27 Dodging
 - Level 17.0 Shields
 - Level 5.0 Spellcasting
 + Level 2.3 Translocations
 - Level 17.0 Invocations
 + Level 10.4 Evocations


You had 36 spell levels left.
You didn't know any spells.
Your spell library contained the following spells:

 Spells                   Type           Power      Damage    Failure   Level
 Apportation              Tloc           14%        N/A       58%         1
 Blink                    Tloc           14%        N/A       71%         2
 Beastly Appendage        Tmut           4%         N/A       87%         1
 Foxfire                  Conj/Fire      8%         2x1d4     87%         1
 Magic Dart               Conj           8%         1d3       87%         1
 Pain                     Necr           8%         1d4       87%         1
 Lesser Beckoning         Tloc           7%         N/A       90%         3
 Corpse Rot               Necr/Air       4%         N/A       95%         2
 Scorch                   Fire           4%         2d5       95%         2
 Static Discharge         Conj/Air       2%         N/A       95%         2
 Sublimation of Blood     Necr           2%         N/A       95%         2
 Wereblood                Tmut           2%         N/A       95%         2
 Portal Projectile        Hex/Tloc       10%        N/A       97%         3
 Conjure Flame            Conj/Fire      2%         6-21      99%         3
 Frozen Ramparts          Ice            4%         1d2       99%         3
 Ignite Poison            Fire/Tmut/Pois 2%         N/A       99%         3
 Inner Flame              Hex/Fire       2%         N/A       99%         3
 Mephitic Cloud           Conj/Pois/Air  2%         N/A       99%         3
 Ozocubu's Armour         Ice            2%         N/A       99%         3
 Spider Form              Tmut/Pois      2%         N/A       99%         3
 Vampiric Draining        Necr           2%         2d6       99%         3
 Dispel Undead            Necr           2%         3d7       100%        4
 Flame Wave               Conj/Fire      2%         2d4       100%        4
 Hailstorm                Conj/Ice       2%         3d3       100%        4
 Ice Form                 Ice/Tmut       2%         N/A       100%        4
 Leda's Liquefaction      Hex/Erth       1%         N/A       100%        4
 Olgreb's Toxic Radiance  Pois           2%         N/A       100%        4
 Passage of Golubria      Tloc           7%         N/A       100%        4
 Sticky Flame             Conj/Fire      2%         2d3       100%        4
 Borgnjor's Vile Clutch   Necr/Erth      1%         N/A       100%        5
 Fireball                 Conj/Fire      1%         3d3       100%        5
 Lightning Bolt           Conj/Air       1%         1d12      100%        5
 Manifold Assault         Tloc           7%         N/A       100%        5
 Metabolic Englaciation   Hex/Ice        1%         N/A       100%        5
 Dispersal                Tloc           3%         N/A       100%        6
 Eringya's Noxious Bog    Tmut/Pois      1%         N/A       100%        6
 Starburst                Conj/Fire      1%         6d3       100%        6
 Ozocubu's Refrigeration  Ice            1%         4d5       100%        7
 Storm Form               Tmut/Air       1%         N/A       100%        7
 Disjunction              Tloc           3%         N/A       100%        8
 Ignition                 Fire           1%         3d3       100%        8
 Lehudib's Crystal Spear  Conj/Erth      1%         10d2      100%        8
 Maxwell's Capacitive Co  Air            1%         ∞         100%        8
 Necromutation            Tmut/Necr      1%         N/A       100%        8
 Chain Lightning          Conj/Air       1%         3d1       100%        9
 Fire Storm               Conj/Fire      1%         7d1       100%        9
 Shatter                  Erth           1%         3d5*      100%        9
 Animate Skeleton         Necr           Unusable   N/A       N/A         1
 Call Imp                 Summ           Unusable   N/A       N/A         2
 Call Canine Familiar     Summ           Unusable   N/A       N/A         3
 Summon Ice Beast         Ice/Summ       Unusable   N/A       N/A         4
 Summon Forest            Summ/Tloc      Unusable   N/A       N/A         5
 Death Channel            Necr           Unusable   N/A       N/A         6
 Simulacrum               Ice/Necr       Unusable   N/A       N/A         6
 Summon Cactus Giant      Summ           Unusable   N/A       N/A         6
 Summon Hydra             Summ           Unusable   N/A       N/A         7

Dungeon Overview and Level Annotations

Branches:
Dungeon (15/15)            Temple (0/1) D:7            Lair (6/6) D:10
 Shoals (4/4) Lair:3       Spider (4/4) Lair:2        Slime (5/5) Lair:5
    Orc (2/2) D:10            Elf (3/3) Orc:2        Vaults (5/5) D:14
  Crypt (0/3) Vaults:3     Depths (4/4) D:15            Zot (5/5) Depths:4
  Sewer (visited)          WizLab (visited)         Gauntlet (visited)

Altars:
Ashenzari
Cheibriados
Dithmenos
Gozag
Hepliaklqana
Makhleb
Okawaru
Qazlal
Ru
Trog
Vehumet
Wu Jian
Xom
Yredelemnul
Zin
The Shining One
Beogh
Jiyva

Shops:
D:2 !   D:5 ([   D:9 (   D:13 [   Orc:2 =:?(=   Elf:1 (   Elf:2 [
Shoals:1 ?=[   Shoals:2 =   Shoals:3 [   Vaults:4 [   Vaults:5 !??!!??
Depths:1 **(

Portals:
Hell: Lair:6 Depths:1 Depths:2 Depths:3 Depths:4
Abyss: Depths:2 Depths:3 Depths:4
Pandemonium: Depths:2
Ziggurat: Depths:1

Annotations:
Lair:2 3 runed translucent doors, Qyacsuop's ghost, journeyman DsAK
Abyss:1 Gastronok; Nikola; Ulaemata's ghost, adept HaHu


Innate Abilities, Weirdness & Mutations

You have a pair of horns on your head.
You reflexively headbutt those who attack you in melee.
You have sharp toenails.
You have supernaturally acute eyesight. (SInv)
Your flesh is cold resistant. (rC+)
You are sometimes teleported next to monsters.
Your spells are a little harder to cast, but a little more powerful.
You have hidden genetic potential.
Potions are less effective at restoring your health.


Message History

The green draconian misses you.
An Orb Guardian comes into view.
Unknown command.
Unknown command.
You are too berserk!
You hit the dread lich.
Space warps around the dread lich.
The dread lich is lightly damaged.
The black draconian knight completely misses you.
You furiously retaliate!
You headbutt the black draconian knight, but do no damage.
The electric golem hurls lightning at you.
The bolt of lightning misses you.
The white draconian breathes frost at you.
The blast of cold hits you but does no damage.
The blast of cold misses the dread lich.
The purple draconian shifter gestures wildly while chanting.
The purple draconian shifter blinks!
You closely miss the dread lich. You headbutt the dread lich.
The dread lich is lightly damaged.
You block the dread lich's attack.
The black draconian knight casts a spell at you.
The bolt of cold hits you!! You resist.
* * * LOW HITPOINT WARNING * * *
Unknown command.
You perforate the dread lich like a sieve!!!
Space warps around the dread lich.
You headbutt the dread lich!
The dread lich is severely damaged.
You block the electric golem's attack. The electric golem hits you.
* * * LOW HITPOINT WARNING * * *
The electric golem shocks you! You resist.
* * * LOW HITPOINT WARNING * * *
You block the electric golem's attack.
The electric golem completely misses you.
The green draconian barely misses you. You furiously retaliate!
You headbutt the green draconian!!
You kill the green draconian!
Okawaru accepts your kill.
You hear a loud "Zot"!
The dread lich touches you!
You die...

##.........^.....☼☼.###°○.#######
##.^........^...)°##☼°..##
##.............qq[.q.###
▓▓2....##▓▓▓▓▓▓▓▓▓▓▓#
▓▓.1.............▓▓▓▓
▓▓..L................▓##
▓▓....^.................##
▓..............L.........# ▓▓▓▓▓▓
▓.............19@.Xl.....▓▓▓?....
▓▓.............)qdq.Xd...▓▓....^.
▓▓............22.k......▓......^
▓▓...........°....kkX........0.
▓▓......^..........§....▓...○☼☼.
▓▓.................q.....▓▓..☼○☼§
▓.............(..........▓▓▓.○☼☼.
▓....^.............^.....▓ ▓▓▓▓▓▓
▓▓......§....^..........▓▓


You could see an electric golem, a black draconian knight (fast, invisible), a
dread lich (fast, invisible), a Brimstone Fiend (summoned), 2 draconians, a
cacodemon (summoned), a purple draconian shifter, a white draconian stormcaller,
3 Orb Guardians, a komodo dragon (summoned), a tormentor (summoned), a rime
drake (summoned) and 2 swamp drakes.

Vanquished Creatures
  the Royal Jelly (Arena)
  2 dread liches (Zot:5)
  2 ancient liches
  2 orbs of fire (Zot:5)
  A juggernaut (Depths:3)
  Sojobo (Depths:2)
  2 Killer Klowns (Zot:5)
  Saint Roka (Abyss:1)
  3 curse toes
  A caustic shrike (Zot:5)
  10 golden dragons
  3 bone dragons
  Arachne (Spider:1)
  2 electric golems
  Jorgrun (Orc:1)
  A hellephant (Abyss:3)
  18 Orb Guardians (Zot:5)
  9 tentacled monstrosities
  3 liches
  A walking earthen tome (Abyss:1)
  5 quicksilver dragons
  4 deep elf blademasters (Elf:3)
  14 acid blobs
  Polyphemus (Shoals:4)
  A walking divine tome (Abyss:1)
  A deep elf master archer (Elf:3)
  6 titans
  6 death cobs
  12 tentacled starspawn
  The ghost of frimble the Thrower, an adept TrWr of Cheibriados (Spider:3)
  4 sphinxes (Vaults:5)
  5 shadow dragons
  2 Executioners
  10 draconian monks
  Agnes (D:15)
  Donald (Elf:3)
  9 tengu reavers
  9 storm dragons
  7 fire giants
  7 azure jellies
  6 draconian knights
  8 deep elf sorcerers
  4 emperor scorpions (Spider:4)
  A daeva (Abyss:3)
  Aizul (Spider:3)
  5 rockslimes
  4 frost giants
  7 draconian scorchers
  14 vault wardens
  Louise (Abyss:1)
  4 ghost moths
  A balrug (Depths:4)
  5 deep elf elementalists (Elf:3)
  3 orc warlords
  A reaper (Depths:4)
  A caustic shrike skeleton (Abyss:2)
  A cacodemon (Abyss:3)
  12 ironbound preservers
  A ghoul (Vaults:3)
  7 draconian shifters
  7 quicksilver oozes
  12 stone giants
  4 draconian stormcallers
  7 draconian annihilators
  2 vampire knights
  15 very ugly things
  8 dire elephants
  17 green draconians
  4 entropy weavers
  10 purple draconians
  A bunyip (shapeshifter) (Depths:1)
  11 red draconians
  Azrael (Elf:1)
  12 black draconians
  6 deep elf annihilators
  A minotaur (Gauntlet)
  3 deep elf demonologists
  A lorocyproca (WizLab)
  9 spark wasps
  2 merfolk javelineers (Shoals:4)
  17 yellow draconians
  A spark wasp (shapeshifter) (Depths:4)
  3 eidola
  4 ettins
  8 white draconians
  9 deep elf death magi
  A green death (Depths:2)
  A jiangshi (Vaults:3)
  5 fire dragons
  13 great orbs of eyes
  Josephine (Orc:1)
  2 rakshasas
  12 yaktaur captains
  8 deep elf high priests
  An ice dragon (shapeshifter) (Vaults:5)
  12 merfolk impalers
  A naga warrior (Abyss:1)
  2 hell beasts
  23 vault guards
  23 hydras
  10 ironbound thunderhulks
  5 ice dragons
  7 boulder beetles
  2 centaur warriors
  An ironbound frostheart (Vaults:1)
  A ghost crab (Gauntlet)
  3 merfolk avatars
  2 spriggan air magi (Depths:3)
  An ogre mage (D:11)
  A satyr (Shoals:4)
  An alligator (shapeshifter) (Depths:2)
  21 dancing weapons
  4 merfolk aquamancers
  A two-headed ogre (shapeshifter) (Elf:2)
  8 deep troll shamans
  5 two-headed ogres
  An alligator snapping turtle (Shoals:1)
  4 death knights
  10 deep troll earth magi
  3 tengu warriors
  4 death yaks
  A vampire mage (Vaults:3)
  3 orc high priests (Orc:2)
  5 hell hogs
  Urug (Abyss:1)
  20 deep elf knights
  10 hell knights
  17 thrashing horrors
  Sonja (D:13)
  3 sun demons
  4 soul eaters
  A skeletal warrior (D:13)
  7 sixfirhies
  A titan skeleton (Abyss:2)
  10 wretched stars
  A shadow wraith (Abyss:3)
  4 spatial maelstroms
  61 deep trolls
  5 iron trolls
  2 flayed ghosts
  6 sea snakes
  A shadow demon (Abyss:2)
  45 starcursed masses
  5 phantasmal warriors
  7 glowing orange brains
  15 deep elf archers
  4 necromancers
  22 ironbound convokers
  12 wizards
  33 deep elf zephyrmancers
  4 oklob plants (Zot:4)
  14 orc knights
  27 harpies
  8 lindwurms
  7 orc sorcerers
  33 deep elf pyromancers
  A mana viper (WizLab)
  2 will-o-the-wisps
  26 ugly things
  19 wolf spiders
  2 shining eyes
  A manticore (shapeshifter) (Elf:1)
  A faun (shapeshifter) (Vaults:3)
  A stone giant zombie (Abyss:2)
  19 manticores
  18 orb spiders
  3 fauns (Shoals:4)
  27 moths of wrath
  7 cyclopes
  5 worldbinders
  A fire giant skeleton (Vaults:1)
  11 elephants
  14 smoke demons
  Maurice (Orc:2)
  2 guardian serpents
  A stone giant skeleton (WizLab)
  3 merfolk sirens
  3 centaur zombies
  2 rust devils
  15 vault sentinels
  3 water nymphs (Shoals:4)
  An apocalypse crab (WizLab)
  An ice statue (Gauntlet)
  A torpor snail (Spider:1)
  9 black mambas
  16 cane toads
  9 orange demons
  A hellion (Depths:4)
  An unseen horror (Abyss:3)
  Maggie (D:10)
  A gargoyle (D:11)
  2 eyes of devastation (Slime:5)
  26 yaktaurs
  3 efreet
  13 komodo dragons
  10 demonic crawlers
  9 rime drakes
  4 freezing wraiths
  3 tengu conjurers
  4 ice devils
  3 hellwings
  9 ancient zymes
  2 harpy zombies
  10 trolls
  9 wind drakes
  7 merfolk
  23 jumping spiders
  2 polar bears
  A hornet (D:7)
  33 large abominations
  3 meliai (D:13)
  15 raiju
  18 dream sheep
  15 blink frogs
  77 slime creatures
  8 snapping turtles
  An ettin zombie (Vaults:1)
  A redback (shapeshifter) (Vaults:5)
  A spriggan (shapeshifter) (D:15)
  10 air elementals
  2 vampires
  63 redbacks
  A yak (shapeshifter) (Depths:4)
  3 shadows
  A spriggan skeleton (WizLab)
  17 tarantellas
  10 wraiths
  5 flying skulls
  81 yaks
  A hog (shapeshifter) (Vaults:5)
  An ettin skeleton (Abyss:3)
  7 ynoxinuls
  Sigmund (D:2)
  5 basilisks
  3 fire bats (Lair:6)
  20 water elementals
  6 wyverns
  3 fire elementals
  Eustachio (D:4)
  5 golden eyes
  Menkaure (D:6)
  2 vampire mosquitoes (D:11)
  A steam dragon (D:8)
  12 spatial vortices
  7 chaos spawn
  A harpy simulacrum (Abyss:2)
  5 wargs
  7 neqoxecs
  Edmund (D:4)
  2 nagas (Abyss:1)
  2 acid dragons (D:13)
  A swamp worm (shapeshifter) (Depths:2)
  An ogre skeleton (Vaults:1)
  Duvessa (D:4)
  27 water moccasins
  7 hell hounds
  Pargi (Sewer)
  A hornet zombie (D:7)
  An ice beast (shapeshifter) (Abyss:2)
  40 orc warriors
  3 sky beasts
  4 black bears
  A swamp drake (D:10)
  17 wolves
  4 centaurs
  An orc skeleton (Vaults:1)
  9 ogres
  3 kobold brigands
  A phantom (D:6)
  An elf simulacrum (Vaults:1)
  9 bullfrogs
  4 scorpions
  A glowing shapeshifter simulacrum (Vaults:1)
  A human skeleton (Vaults:1)
  5 earth elementals
  Dowan (D:4)
  A water moccasin skeleton (D:4)
  8 killer bees
  10 wights
  3 electric eels
  7 howler monkeys
  7 quasits
  A hound (D:6)
  28 small abominations
  2 gnoll shamans
  30 orc priests
  2 centaur skeletons
  5 iron imps
  25 jellies
  Crazy Yiuf (D:2)
  2 bullfrog skeletons
  Jessica (D:2)
  2 iguanas (D:6)
  25 orc wizards
  A howler monkey zombie (D:10)
  12 adders
  11 gnolls
  A river rat (D:3)
  A shadow imp (D:7)
  6 white imps
  7 ufetubi
  2 worms (D:2)
  A dart slug (D:4)
  83 orcs
  5 bats
  11 endoplasms
  4 giant cockroaches (D:3)
  5 goblins
  6 hobgoblins
  7 jackals
  4 quokkas
  3 ball pythons
  6 frilled lizards
  18 kobolds
  6 rats
  A spectral goblin (D:8)
  A fungus (D:13)
  5 lurking horrors
  A plant (Shoals:4)
  10 starspawn tentacles
2384 creatures vanquished.

Vanquished Creatures (others)
  A deep elf elementalist (Elf:3)
  A deep elf knight (Elf:3)
  2 deep elf pyromancers (Elf:2)
  2 jumping spiders
  A golden eye (Slime:3)
  A small abomination (Abyss:2)
  3 large abominations
  A spatial vortex (WizLab)
  A goblin (D:8)
  2 kobolds (D:8)
  A bush (Lair:6)
  13 foxfires
  32 fungi
  A lurking horror (Abyss:3)
  59 plants
  25 starspawn tentacles
146 creatures vanquished.

Grand Total: 2530 creatures vanquished

Notes
Turn   | Place    | Note
-------+----------+-------------------------------------------
     0 | D:1      | blank1 the Minotaur Fighter began the quest for the Orb.
     0 | D:1      | Reached XP level 1. HP: 19/19 MP: 0/0
   201 | D:1      | Reached XP level 2. HP: 27/27 MP: 1/1
   698 | D:1      | Reached skill level 1 in Dodging
  1059 | D:2      | Reached XP level 3. HP: 14/33 MP: 2/2
  1330 | D:2      | Noticed Jessica
  1335 | D:2      | Killed Jessica
  1642 | D:2      | Reached XP level 4. HP: 38/40 MP: 3/3
  2222 | D:2      | Noticed Sigmund
  2234 | D:2      | Killed Sigmund
  2235 | D:2      | Reached skill level 5 in Fighting
  2235 | D:2      | Reached skill level 5 in Maces & Flails
  2235 | D:2      | Reached XP level 5. HP: 40/48 MP: 4/4
  2399 | D:2      | Found Qenizymo's Distillery.
  2407 | D:2      | Bought a potion of might for 48 gold pieces
  2417 | D:2      | Found a runed translucent door.
  2418 | D:2      | Noticed Crazy Yiuf
  2642 | D:2      | Killed Crazy Yiuf
  2643 | D:2      | Reached XP level 6. HP: 54/56 MP: 5/5
  2678 | D:3      | Acquired the ring of Rometits {rC+ Dex+6}
  3014 | D:4      | Noticed Eustachio
  3026 | D:4      | Killed Eustachio
  3058 | D:4      | Noticed Dowan
  3062 | D:4      | Noticed Duvessa
  3066 | D:4      | Killed Dowan
  3071 | D:4      | Killed Duvessa
  3072 | D:4      | Reached XP level 7. HP: 30/64 MP: 6/6
  3079 | D:3      | Found a glowing drain.
  3108 | Sewer    | Entered a sewer
  3425 | Sewer    | Noticed Pargi
  3436 | Sewer    | Killed Pargi
  3877 | D:4      | Saw a vision of the Shoals and the Spider Nest.
  3877 | D:4      | Found a broken altar of Ashenzari.
  3877 | D:4      | Noticed a redback
  3877 | D:4      | Noticed a redback
  3877 | D:4      | Noticed a merfolk siren
  3877 | D:4      | Noticed a wind drake
  3877 | D:4      | Noticed a merfolk siren
  3877 | D:4      | Noticed a wind drake
  3961 | D:4      | Found a glowing golden altar of the Shining One.
  3979 | D:4      | Noticed Edmund
  3994 | D:4      | Killed Edmund
  4160 | D:4      | Noticed a redback
  4162 | D:4      | Noticed a merfolk siren
  4234 | D:4      | Identified the +5 dagger of Attoduzu {venom, Fly SInv}
  4440 | D:5      | Entered Level 5 of the Dungeon
  4454 | D:5      | Reached XP level 8. HP: 74/74 MP: 7/7
  4455 | D:5      | Found Dyovor's Antique Weapon Shop.
  4500 | D:5      | Found a radiant altar of Vehumet.
  4528 | D:5      | Reached skill level 5 in Armour
  4572 | D:5      | Found an iron altar of Okawaru.
  4646 | D:5      | Became a worshipper of Warmaster Okawaru
  4678 | D:5      | Found a burning altar of Makhleb.
  4678 | D:5      | Found Poamoh's Armour Boutique.
  4710 | D:5      | Found a glowing silver altar of Zin.
  4710 | D:5      | Noticed an angel
  4711 | D:5      | Noticed a balrug
  4743 | D:5      | Found a basalt altar of Yredelemnul.
  4993 | D:6      | Reached skill level 1 in Invocations
  5236 | D:6      | Found a bloodstained altar of Trog.
  5410 | D:6      | Reached * piety under Okawaru
  5537 | D:7      | Found a staircase to the Ecumenical Temple.
  5580 | D:6      | Reached XP level 9. HP: 83/83 MP: 10/10
  5673 | D:6      | Noticed Menkaure
  5683 | D:6      | Killed Menkaure
  5893 | D:6      | Found a shadowy altar of Dithmenos.
  6013 | D:6      | Reached skill level 10 in Maces & Flails
  6099 | D:7      | Found a shimmering altar of Xom.
  6105 | D:6      | Reached skill level 10 in Fighting
  6173 | D:7      | Reached ** piety under Okawaru
  6389 | D:7      | Identified the +4 war axe "Zapihune" {vorpal, +Blink rElec
                  | rF- Str+4}
  6490 | D:7      | Identified the +8 hand axe of Risk Management {vorpal,
                  | Int+2}
  6783 | D:7      | Reached skill level 5 in Dodging
  6998 | D:7      | Identified the amulet of Ofep {RegenMP Harm}
  7099 | D:7      | Found an opulent altar of Gozag.
  7370 | D:8      | Reached XP level 10. HP: 93/93 MP: 12/12
  7476 | D:8      | Found an ornate altar of the Wu Jian Council.
  7487 | D:8      | Reached *** piety under Okawaru
  7830 | D:8      | Found a snail-covered altar of Cheibriados.
  7842 | D:8      | Reached **** piety under Okawaru
  8116 | D:8      | Found a hazy altar of Hepliaklqana.
  8739 | D:9      | Found Larr's Antique Weapon Emporium.
  8750 | D:9      | Bought a warped morningstar for 243 gold pieces
  8750 | D:9      | Identified the +8 morningstar of the Sixty-Six Coins
                  | {antimagic, rElec rC+ Str-5 Int+2} (You bought it in a shop
                  | on level 9 of the Dungeon)
  8993 | D:9      | Noticed a six-headed hydra
  9003 | D:9      | Killed a six-headed hydra
  9129 | D:10     | Entered Level 10 of the Dungeon
  9153 | D:10     | Noticed Maggie
  9171 | D:10     | Killed Maggie
  9172 | D:10     | Reached skill level 5 in Shields
  9246 | D:10     | Received a gift from Okawaru
  9300 | D:10     | Found a staircase to the Orcish Mines.
  9468 | D:10     | Reached ***** piety under Okawaru
  9495 | D:10     | Reached XP level 11. HP: 97/104 MP: 4/13
  9556 | D:10     | Found a stormy altar of Qazlal.
  9861 | D:10     | Reached skill level 10 in Armour
  9872 | D:10     | Found a staircase to the Lair.
 10189 | Lair:1   | Entered Level 1 of the Lair of Beasts
 10267 | Lair:1   | Received a gift from Okawaru
 10412 | Lair:1   | Reached skill level 5 in Invocations
 10558 | Lair:1   | Noticed a seven-headed hydra
 10567 | Lair:1   | Killed a seven-headed hydra
 10611 | Lair:1   | Noticed a four-headed hydra
 10621 | Lair:1   | Killed a four-headed hydra
 10854 | Lair:1   | Reached XP level 12. HP: 115/115 MP: 4/14
 11333 | Lair:2   | Found a runed translucent gate.
 11334 | Lair:2   | Found a runed translucent gate.
 11335 | Lair:2   | Found a runed translucent gate.
 11354 | Lair:2   | Noticed Qyacsuop's ghost (journeyman DsAK)
 11356 | Lair:2   | Found a viscous altar of Jiyva.
 11462 | Lair:2   | Noticed an eight-headed hydra
 11469 | Lair:2   | Killed an eight-headed hydra
 11731 | Lair:2   | Noticed an eight-headed hydra
 11738 | Lair:2   | Killed an eight-headed hydra
 11738 | Lair:2   | Reached ****** piety under Okawaru
 11918 | Lair:2   | Found a hole to the Spider Nest.
 12515 | Lair:3   | Reached skill level 15 in Fighting
 12515 | Lair:3   | Reached skill level 15 in Maces & Flails
 12681 | Lair:3   | Received a gift from Okawaru
 12788 | Lair:3   | Found a staircase to the Shoals.
 12836 | Lair:3   | Noticed a four-headed hydra
 12848 | Lair:3   | Killed a four-headed hydra
 13315 | Lair:4   | Reached XP level 13. HP: 128/128 MP: 5/15
 13354 | Lair:4   | Received a gift from Okawaru
 13691 | Lair:4   | Received a gift from Okawaru
 14013 | Lair:4   | Found an iron altar of Okawaru.
 14187 | Lair:4   | Reached skill level 10 in Dodging
 14789 | Lair:4   | Identified the +4 whip of Ziyjiw {drain, rF+}
 14877 | Lair:4   | Found the +8 whip "Snakebite" {venom, curare, rPois}
 15162 | Lair:5   | Found a staircase to the Slime Pits.
 15249 | Lair:5   | Identified the +2 chain mail "Piwuq" {Dex+4} (Okawaru
                  | gifted it to you on level 5 of the Lair of Beasts)
 15249 | Lair:5   | Received a gift from Okawaru
 15664 | Lair:5   | Found a shimmering altar of Xom.
 16009 | Lair:6   | Entered Level 6 of the Lair of Beasts
 16106 | Lair:6   | Reached XP level 14. HP: 138/140 MP: 8/18
 16792 | Lair:6   | Identified the +2 dire flail of Causality {vorpal, rF++}
                  | (Okawaru gifted it to you on level 6 of the Lair of Beasts)
 16792 | Lair:6   | Received a gift from Okawaru
 17155 | Lair:6   | Found a burning altar of Makhleb.
 17210 | Lair:6   | Received a gift from Okawaru
 17211 | Lair:6   | Reached skill level 10 in Shields
 17284 | Lair:6   | Found a gateway to Hell.
 17831 | D:11     | Found a gate leading to a gauntlet.
 17851 | Gauntlet | Entered a Gauntlet
 17851 | Gauntlet | Found a transporter.
 17858 | Gauntlet | Found a transporter.
 17860 | Gauntlet | Found a transporter.
 17874 | Gauntlet | Found a transporter.
 17882 | Gauntlet | Found a transporter.
 17886 | Gauntlet | Found a transporter.
 17898 | Gauntlet | Found a runed translucent door.
 17902 | Gauntlet | Found a transporter.
 17912 | Gauntlet | Found a transporter.
 17925 | Gauntlet | Found a transporter.
 17937 | Gauntlet | Found a transporter.
 17952 | Gauntlet | Found a transporter.
 17952 | Gauntlet | Found a transporter.
 17994 | Gauntlet | Found a transporter.
 18008 | Gauntlet | Found a transporter.
 18198 | Gauntlet | Identified the amulet "Ezaiq" {Reflect rN+ rCorr Str-2
                  | SH+5}
 18234 | Gauntlet | Identified the +0 chain mail of Devotion {rN+}
 18744 | D:11     | Identified the +4 dagger of Cihes {freeze, rPois Will+}
 19228 | D:11     | Identified the +4 eveningstar "Nilimulo" {vorpal, Will-
                  | Str+4 Int+3 Dex+4} (Okawaru gifted it to you on level 11 of
                  | the Dungeon)
 19228 | D:11     | Received a gift from Okawaru
 19418 | D:11     | Found the +8 demon trident "Rift" {distort, reach+}
 19425 | D:11     | Found the +8 longbow "Zephyr" {speed, Dex+3 SInv}
 19450 | D:11     | Identified the ring of Ohuegorgh {rElec Dex+3 SInv}
 19466 | D:11     | Reached skill level 1 in Polearms
 19470 | D:11     | Got Cerebov's Compendium of Blows and Bruises
 19806 | D:12     | Reached XP level 15. HP: 68/149 MP: 19/19
 20415 | D:15     | Entered Level 15 of the Dungeon
 21089 | D:13     | Found Iruen's Armour Boutique.
 21425 | D:13     | Noticed Sonja
 21437 | D:13     | Cast into level 2 of the Abyss (Sonja)
 21437 | Abyss:2  | Found a corrupted altar of Lugonu.
 21473 | Abyss:2  | Noticed a tentacled starspawn
 21488 | Abyss:2  | Killed a tentacled starspawn
 21499 | Abyss:2  | Reached skill level 5 in Polearms
 21521 | Abyss:2  | Noticed a tentacled starspawn
 21526 | Abyss:2  | Killed a tentacled starspawn
 21554 | Abyss:2  | Received a gift from Okawaru
 21588 | Abyss:2  | Noticed an Executioner
 21595 | Abyss:2  | Killed an Executioner
 21836 | Abyss:2  | Reached skill level 15 in Armour
 21843 | Abyss:2  | Identified the +6 scale mail of Fun {Harm Drain rElec rPois
                  | Regen+}
 21855 | Abyss:2  | Noticed a tentacled starspawn
 21972 | Abyss:2  | Noticed an ancient lich
 21995 | D:13     | Escaped the Abyss
 22581 | D:13     | Noticed Urug
 22677 | D:13     | Received a gift from Okawaru
 22884 | D:13     | Killed Sonja
 23054 | D:13     | Reached skill level 10 in Polearms
 23056 | D:13     | Bought the +2 pair of gloves "Qiesty" {MP+9 Dex+2 SInv} for
                  | 927 gold pieces
 23495 | D:13     | Found a sacrificial altar of Ru.
 23656 | D:14     | Found a gate to the Vaults.
 23920 | D:15     | Found a staircase to the Depths.
 23920 | D:15     | Noticed a frost giant
 23926 | D:15     | Banished a frost giant
 24075 | D:15     | Noticed Agnes
 24082 | D:15     | Killed Agnes
 24237 | D:15     | Reached XP level 16. HP: 157/157 MP: 20/20
 24968 | Spider:1 | Entered Level 1 of the Spider Nest
 26406 | Spider:2 | Received a gift from Okawaru
 26733 | Spider:2 | Noticed Arachne
 26772 | Spider:1 | Killed Arachne
 27669 | Spider:3 | Found a runed translucent gate.
 27669 | Spider:3 | Found a runed translucent gate.
 27669 | Spider:3 | Found a runed translucent gate.
 27675 | Spider:3 | Noticed frimble's ghost (adept TrWr)
 27711 | Spider:3 | Killed frimble's ghost
 27711 | Spider:3 | Received a gift from Okawaru
 27712 | Spider:3 | Noticed Aizul
 27727 | Spider:3 | Killed Aizul
 28461 | Spider:4 | Entered Level 4 of the Spider Nest
 28892 | Spider:4 | Received a gift from Okawaru
 28923 | Spider:4 | Reached XP level 17. HP: 134/168 MP: 22/22
 28972 | Spider:4 | Gained mutation: Armour fits poorly on your strangely
                  | shaped body. [mutagenic glow]
 28988 | Spider:3 | Lost mutation: Armour fits poorly on your strangely shaped
                  | body. [potion of mutation]
 28988 | Spider:3 | Gained mutation: Your magical capacity is low. (-10% MP)
                  | [potion of mutation]
 29791 | Spider:4 | Got a gossamer rune of Zot
 29962 | Shoals:1 | Entered Level 1 of the Shoals
 29962 | Shoals:1 | Found Iweesox's Antique Armour Boutique.
 30014 | Shoals:1 | Found Xeugit's Jewellery Shoppe.
 30444 | Shoals:1 | Found Yreihal's Magic Scroll Shop.
 30531 | Shoals:1 | Found a gateway to a bazaar.
 30544 | Bazaar   | Entered a bazaar
 30544 | Bazaar   | Found Uskeodaj's Jewellery Shoppe.
 30544 | Bazaar   | Found Noxabb's Magic Scroll Emporium.
 30546 | Bazaar   | Found Iteoki's Magic Scroll Shoppe.
 30556 | Bazaar   | Bought a scroll of enchant weapon for 75 gold pieces
 30556 | Bazaar   | Bought a scroll of enchant weapon for 75 gold pieces
 30556 | Bazaar   | Bought a scroll of enchant armour for 75 gold pieces
 30562 | Bazaar   | Found Dosusabb's Magic Scroll Emporium.
 30566 | Bazaar   | Bought a scroll of enchant armour for 60 gold pieces
 30868 | Orc:1    | Entered Level 1 of the Orcish Mines
 31025 | Orc:2    | Entered Level 2 of the Orcish Mines
 31129 | Orc:2    | Noticed Maurice
 31164 | Orc:2    | Killed Maurice
 31241 | Orc:2    | Found a staircase to the Elven Halls.
 31425 | Orc:1    | Noticed Josephine
 31438 | Orc:1    | Killed Josephine
 31477 | Orc:1    | Noticed Jorgrun
 31507 | Orc:1    | Killed Jorgrun
 31535 | Orc:1    | Noticed Gastronok
 31562 | Orc:2    | Received a gift from Okawaru
 31849 | Orc:1    | Banished Gastronok
 32131 | Orc:2    | Found Nenlufixov's Jewellery Shop.
 32616 | Orc:2    | Found Ilaofonu's Book Boutique.
 32616 | Orc:2    | Found Ovvois's Jewellery Emporium.
 32620 | Orc:2    | Found Hatzomn's Weapon Emporium.
 32620 | Orc:2    | Found Dynyvodd's Magic Scroll Boutique.
 33564 | Shoals:2 | Found Eckitad's Jewellery Boutique.
 33712 | Shoals:3 | Found Kul Edug's Armour Shoppe.
 34406 | Shoals:4 | Entered Level 4 of the Shoals
 34489 | Shoals:4 | Reached skill level 1 in Evocations
 34497 | Shoals:4 | Noticed Polyphemus
 34498 | Shoals:4 | Paralysed by an air elemental for 1 turns
 34502 | Shoals:4 | Paralysed by an air elemental for 1 turns
 34504 | Shoals:4 | Paralysed by an air elemental for 1 turns
 34508 | Shoals:4 | Paralysed by an air elemental for 1 turns
 34512 | Shoals:4 | Paralysed by an air elemental for 1 turns
 34530 | Shoals:3 | Reached XP level 18. HP: 180/180 MP: 20/20
 34554 | Shoals:4 | Killed Polyphemus
 34690 | Shoals:4 | Paralysed by an air elemental for 1 turns
 34698 | Shoals:4 | Paralysed by an air elemental for 1 turns
 34920 | Shoals:4 | Paralysed by an air elemental for 1 turns
 34922 | Shoals:4 | Paralysed by an air elemental for 1 turns
 34963 | Shoals:4 | Paralysed by an air elemental for 1 turns
 35044 | Shoals:4 | Reached skill level 15 in Shields
 35192 | Shoals:4 | Received a gift from Okawaru
 35417 | Shoals:4 | Reached skill level 15 in Dodging
 35516 | Shoals:4 | Got a barnacled rune of Zot
 36017 | Vaults:1 | Entered Level 1 of the Vaults
 36187 | Vaults:1 | Got the Compendium of the Shifting Rocks
 36234 | Vaults:1 | Received a gift from Okawaru
 36420 | Vaults:1 | Reached skill level 15 in Polearms
 37110 | Vaults:1 | Paralysed by a great orb of eyes for 3 turns
 37154 | Vaults:1 | Identified the +2 hand crossbow of the Smoking Rat {freeze,
                  | Int+6 Dex+7 Stlth-}
 37499 | Vaults:1 | Reached XP level 19. HP: 191/191 MP: 21/21
 37752 | Vaults:1 | Identified the +0 plate armour of Ximpaib {rElec rN+ rCorr
                  | Stlth+}
 38330 | Vaults:2 | Found a runed translucent door.
 38330 | Vaults:2 | Noticed Ulaemata's ghost (adept HaHu)
 38339 | Vaults:2 | Banished Ulaemata's ghost
 38941 | Vaults:2 | Received a gift from Okawaru
 39267 | Vaults:3 | Found a magical portal.
 39280 | WizLab   | Entered The Roulette of Golubria
 39280 | WizLab   | Found a transporter.
 39285 | WizLab   | Found a corrupted altar of Lugonu.
 39308 | WizLab   | Found a transporter.
 39319 | WizLab   | Found a transporter.
 39348 | WizLab   | Found a transporter.
 39381 | WizLab   | Found a corrupted altar of Lugonu.
 39394 | WizLab   | Found the +2 ratskin cloak {*Rats rPois rN+ Str-1 Int-1
                  | Dex+1}
 39426 | WizLab   | Found a transporter.
 39426 | WizLab   | Found a transporter.
 39447 | WizLab   | Found the +1 cloak of Starlight {*Dazzle EV+4 Stlth--}
 39459 | WizLab   | Found a transporter.
 39473 | WizLab   | Identified the +2 cloak of the Good {+Inv rF+}
 39491 | WizLab   | Identified the +0 cloak of Tulips {rC+}
 39523 | WizLab   | Found a transporter.
 39523 | WizLab   | Found a transporter.
 39747 | WizLab   | Found a transporter.
 39747 | WizLab   | Found a transporter.
 39808 | WizLab   | Found a transporter.
 39808 | WizLab   | Found a transporter.
 39879 | WizLab   | Found a transporter.
 39879 | WizLab   | Found a transporter.
 39927 | WizLab   | Found a transporter.
 39947 | WizLab   | Got Golubria's Grimoire of Dislocation
 39953 | WizLab   | Found a transporter.
 39953 | WizLab   | Found a transporter.
 40205 | WizLab   | Found a transporter.
 40205 | WizLab   | Found a transporter.
 40676 | Vaults:2 | Reached skill level 10 in Invocations
 41134 | Vaults:3 | Identified the +7 swamp dragon scales "Odanozeps" {Contam
                  | Fly rPois Str+4} (Okawaru gifted it to you on level 3 of
                  | the Vaults)
 41134 | Vaults:3 | Received a gift from Okawaru
 41257 | Vaults:3 | Cast into level 2 of the Abyss (a wizard)
 41257 | Abyss:2  | Found a corrupted altar of Lugonu.
 41450 | Abyss:2  | Paralysed by accursed screaming for 1 turns
 41588 | Abyss:2  | Reached XP level 20. HP: 131/203 MP: 23/23
 41685 | Abyss:2  | Identified the +1 chain mail of Watchfulness {rCorr}
 41857 | Abyss:2  | Noticed a bone dragon
 41872 | Vaults:3 | Escaped the Abyss
 41883 | Vaults:3 | Killed a bone dragon
 41886 | Vaults:3 | Reached skill level 5 in Evocations
 42250 | Vaults:3 | Found a staircase to the Crypt.
 42500 | Vaults:3 | Identified the +4 great mace of Keimpig {vorpal, rElec rN++
                  | Will+}
 43151 | Vaults:4 | Identified the +2 mace of the Eight Underlurkers {freeze,
                  | rF+ Int-4 SInv} (Okawaru gifted it to you on level 4 of the
                  | Vaults)
 43151 | Vaults:4 | Received a gift from Okawaru
 43244 | Vaults:4 | Identified the amulet of Parefapov {Regen+ Str+4 SInv}
 43905 | Vaults:4 | Found Reyg's Antique Armour Boutique.
 44261 | Vaults:4 | Received a gift from Okawaru
 44849 | Vaults:4 | Identified the +8 mace of Akleno {drain, *Rage Str+6 SInv}
 45359 | Vaults:5 | Entered Level 5 of the Vaults
 45751 | Vaults:4 | Reached XP level 21. HP: 193/215 MP: 24/24
 46478 | Vaults:5 | Noticed an ancient lich
 46829 | Vaults:5 | Banished an ancient lich
 47404 | Vaults:5 | Got a silver rune of Zot
 47405 | Vaults:5 | Identified the +1 scale mail of the Moon {-Tele Fly rPois
                  | rN+++ Str-2}
 47407 | Vaults:5 | Identified the +6 falchion of Res Nullius {vorpal, Drain
                  | rC+ rN+ SInv}
 47426 | Vaults:5 | Identified the +10 rapier "Zuneos" {freeze, Int+2}
 47446 | Vaults:5 | Identified the +5 scale mail "Paimem" {Harm *Slow rF+
                  | Dex+4}
 47536 | Vaults:5 | Identified the +7 spear "Sori" {protect, Str+5 Dex-4}
 47586 | Vaults:5 | Found Goekuwumorgh's Magic Scroll Shoppe.
 47586 | Vaults:5 | Found Jipnouw's Magic Scroll Shop.
 47590 | Vaults:5 | Bought a scroll of blinking for 105 gold pieces
 47590 | Vaults:5 | Bought a scroll of enchant armour for 105 gold pieces
 47902 | Vaults:5 | Found Oqeask's Distillery.
 47927 | Vaults:5 | Noticed a golden dragon
 47938 | Vaults:5 | Identified the +6 eveningstar of the Thirsty Friends {elec,
                  | Str+6 Dex+4 Stlth-} (Okawaru gifted it to you on level 5 of
                  | the Vaults)
 47938 | Vaults:5 | Received a gift from Okawaru
 47945 | Vaults:5 | Banished a golden dragon
 47965 | Vaults:5 | Found Xynlogan's Magic Scroll Emporium.
 47965 | Vaults:5 | Found Gimon's Distillery.
 48086 | Vaults:5 | Found Kinamioh's Magic Scroll Boutique.
 48090 | Vaults:5 | Bought a scroll of enchant armour for 165 gold pieces
 48417 | Vaults:5 | Noticed a golden dragon
 48425 | Vaults:5 | Killed a golden dragon
 48506 | Vaults:5 | Paralysed by a sphinx for 4 turns
 48516 | Vaults:5 | Paralysed by a sphinx for 7 turns
 48559 | Vaults:5 | Found Cerapn's Distillery.
 48565 | Vaults:5 | Bought a potion of experience for 650 gold pieces
 48567 | Vaults:5 | Reached XP level 22. HP: 226/226 MP: 25/25
 48790 | Vaults:5 | Noticed a golden dragon
 48793 | Vaults:5 | Banished a golden dragon
 48814 | Vaults:5 | Identified the +2 dagger of the Tired Spreadsheets
                  | {antimagic, rPois rN+}
 49448 | Shoals:1 | Bought a scroll of enchant armour for 90 gold pieces
 49744 | D:13     | Banished Urug
 49815 | Depths:1 | Entered Level 1 of the Depths
 50331 | Depths:1 | Found Wegivom's Antique Weapon Boutique.
 50333 | Depths:1 | Found Qoxiu's General Store.
 50336 | Depths:1 | Found Uhohoq's Assorted Antiques.
 50455 | Depths:1 | Found a glowing golden altar of the Shining One.
 50509 | Depths:2 | Received a gift from Okawaru
 50542 | Depths:2 | Identified the +7 scale mail of Lasof {Harm rC+ Will++
                  | Dex-3}
 50585 | Depths:2 | Reached XP level 23. HP: 199/236 MP: 26/26
 50698 | Depths:2 | Noticed Sojobo
 50700 | Depths:2 | Paralysed by an air elemental for 1 turns
 50714 | Depths:2 | Paralysed by an air elemental for 1 turns
 50736 | Depths:2 | Killed Sojobo
 51025 | Depths:1 | Found a gateway to a ziggurat.
 51489 | Depths:2 | Gained mutation: You occasionally shout uncontrollably at
                  | your foes. [a neqoxec]
 51492 | Depths:2 | Lost mutation: You occasionally shout uncontrollably at
                  | your foes. [potion of mutation]
 51492 | Depths:2 | Gained mutation: You are partially covered in iridescent
                  | scales. (AC +2) [potion of mutation]
 51492 | Depths:2 | Lost mutation: Your magical capacity is low. (-10% MP)
                  | [potion of mutation]
 51492 | Depths:2 | Gained mutation: Your mind is acute. (Int +2) [potion of
                  | mutation]
 51499 | Depths:2 | Found a one-way gate leading to the halls of Pandemonium.
 51713 | Depths:2 | Found a one-way gate to the infinite horrors of the Abyss.
 53462 | Depths:4 | Entered Level 4 of the Depths
 53476 | Depths:4 | Reached skill level 27 in Fighting
 54024 | Depths:4 | Received a gift from Okawaru
 54459 | Depths:3 | Identified the +4 quarterstaff "Dusuilal" {vorpal, *Slow
                  | Dex+4 Stlth+}
 54683 | Depths:3 | Noticed a juggernaut
 54906 | Depths:3 | Killed a juggernaut
 54994 | Depths:3 | Identified the +13 chain mail of Beogh's Esteem {MP-9
                  | Dex+5}
 55133 | Depths:4 | Found a gate to the Realm of Zot.
 55819 | Elf:1    | Entered Level 1 of the Elven Halls
 55939 | Elf:1    | Paralysed by an air elemental for 1 turns
 55943 | Elf:1    | Paralysed by an air elemental for 1 turns
 55974 | Elf:1    | Noticed Nikola
 55975 | Elf:1    | Banished Nikola
 56142 | Elf:1    | Received a gift from Okawaru
 56182 | Elf:1    | Reached XP level 24. HP: 244/249 MP: 30/30
 56415 | Elf:1    | Noticed Azrael
 56427 | Elf:1    | Killed Azrael
 56648 | Elf:1    | Found Awiogor's Antique Weapon Boutique.
 56756 | Elf:1    | Got the Incunabulum of Combat Magic
 57034 | Elf:2    | Paralysed by an air elemental for 1 turns
 57312 | Elf:2    | Found Ozuid's Antique Armour Shop.
 57315 | Elf:2    | Identified the +5 ring mail of Tomorrow {Str+3 Slay+5}
 57323 | Elf:2    | Bought a pair of polished gloves for 237 gold pieces
 57323 | Elf:2    | Identified the +0 pair of gloves of Xom's Whim {+Inv rElec
                  | Slay-2} (You bought it in a shop on level 2 of the Elven
                  | Halls)
 57376 | Elf:2    | Found a runed translucent gate.
 57377 | Elf:2    | Found a runed translucent gate.
 57379 | Elf:2    | Found a runed translucent gate.
 57857 | Elf:2    | Noticed Louise
 57869 | Elf:2    | Banished Louise
 58077 | Elf:3    | Entered Level 3 of the Elven Halls
 58581 | Elf:3    | Noticed Donald
 58599 | Elf:3    | Killed Donald
 59026 | Elf:3    | Noticed Saint Roka
 59033 | Elf:3    | Banished Saint Roka
 59107 | Elf:3    | Received a gift from Okawaru
 59179 | Elf:3    | Cast into level 3 of the Abyss (a deep elf sorcerer)
 59202 | Elf:3    | Escaped the Abyss
 59581 | Elf:3    | Identified the ring "Jeack" {rN+ Will+ Int+3 Dex+3 Stlth+}
 59614 | Elf:3    | Identified the +11 trident "Ofoluda" {drain, Int+4}
 59984 | Elf:3    | Identified the +0 leather armour of Haicire {Slay+3}
 60268 | Elf:3    | Identified the +3 leather armour of Noon {+Blink rN++ Str-4
                  | Stlth+}
 60490 | Elf:3    | Identified the +4 chain mail "Ito Gyhi" {Rampage Int+4}
 60966 | D:2      | Bought a potion of mutation for 96 gold pieces
 60966 | D:2      | Bought a potion of mutation for 96 gold pieces
 61325 | Slime:1  | Entered Level 1 of the Pits of Slime
 61712 | Slime:3  | Identified the +9 shortbow "Giantslayer" {venom, Str+4}
                  | (Okawaru gifted it to you on level 3 of the Pits of Slime)
 61712 | Slime:3  | Received a gift from Okawaru
 61769 | Slime:5  | Entered Level 5 of the Pits of Slime
 61789 | Slime:4  | Gained mutation: Your body sometimes deteriorates upon
                  | taking damage. [a shining eye]
 61824 | Slime:5  | Noticed the Royal Jelly
 61827 | Arena    | Entered the Arena
 61839 | Arena    | Killed the Royal Jelly
 61840 | Arena    | Reached XP level 25. HP: 156/257 MP: 28/31
 62519 | Slime:5  | Identified the ring of Wotun {Will+ Dex+2}
 62529 | Slime:5  | Reached skill level 27 in Armour
 62568 | Slime:5  | Got a slimy rune of Zot
 62600 | Slime:5  | Identified the +4 hand axe "Ufiuq" {speed, MP+9 Int+2}
 62618 | Slime:5  | Identified the +7 morningstar "Ylubogya" {drain, Stlth+}
 62639 | Slime:5  | Identified the +10 scimitar of Guhot {drain, rF- rN+ Dex+3}
 62643 | Slime:5  | Lost mutation: Your mind is acute. (Int +2) [potion of
                  | mutation]
 62643 | Slime:5  | Lost mutation: You are partially covered in iridescent
                  | scales. (AC +2) [potion of mutation]
 62643 | Slime:5  | Lost mutation: Your body sometimes deteriorates upon taking
                  | damage. [potion of mutation]
 62643 | Slime:5  | Gained mutation: You have a pair of large horns on your
                  | head. [potion of mutation]
 62652 | Slime:5  | Identified the +1 robe "Iryfugul" {Str+6}
 62664 | Slime:5  | Gained mutation: Your body sometimes deteriorates upon
                  | taking damage. [a shining eye]
 62666 | Slime:5  | Gained mutation: Potions are less effective at restoring
                  | your health. [a shining eye]
 62671 | Slime:5  | Gained mutation: You sometimes lose the ability to read
                  | scrolls when taking damage. [a shining eye]
 62673 | Slime:5  | Gained mutation: Your flesh is cold resistant. (rC+) [a
                  | shining eye]
 62691 | Slime:5  | Lost mutation: Potions are less effective at restoring your
                  | health. [potion of mutation]
 62691 | Slime:5  | Lost mutation: Your body sometimes deteriorates upon taking
                  | damage. [potion of mutation]
 62691 | Slime:5  | Lost mutation: You sometimes lose the ability to read
                  | scrolls when taking damage. [potion of mutation]
 62691 | Slime:5  | Gained mutation: You are robust. (+10% HP) [potion of
                  | mutation]
 62691 | Slime:5  | Gained mutation: You are strong-willed. (Will+) [potion of
                  | mutation]
 63233 | Depths:4 | Voluntarily entered the Abyss.
 63294 | Abyss:1  | Received a gift from Okawaru
 63379 | Abyss:1  | Identified the +9 chain mail of Defence {rPois rCorr MP+9}
 63407 | Abyss:1  | Killed Saint Roka
 63458 | Abyss:1  | Killed Urug
 63563 | Abyss:1  | Found a corrupted altar of Lugonu.
 63606 | Abyss:1  | Killed Louise
 63735 | Abyss:1  | Banished Nikola
 63841 | Abyss:2  | Found a corrupted altar of Lugonu.
 64480 | Abyss:2  | Paralysed by accursed screaming for 1 turns
 64969 | Abyss:3  | Gained mutation: Your magical capacity is low. (-10% MP) [a
                  | neqoxec]
 65453 | Abyss:3  | Identified the +4 mace of the First Wars {pain, rF+ rN+
                  | Dex-2} (Okawaru gifted it to you on level 3 of the Abyss)
 65453 | Abyss:3  | Received a gift from Okawaru
 65584 | Abyss:3  | Noticed an ancient lich
 65600 | Abyss:3  | Killed an ancient lich
 65622 | Abyss:3  | Paralysed by accursed screaming for 2 turns
 65628 | Abyss:3  | Paralysed by accursed screaming for 2 turns
 65634 | Abyss:3  | Paralysed by accursed screaming for 1 turns
 65773 | Abyss:3  | Reached XP level 26. HP: 179/292 MP: 28/28
 65896 | Abyss:3  | Found a corrupted altar of Lugonu.
 65919 | Abyss:3  | Got an abyssal rune of Zot
 66032 | Depths:4 | Escaped the Abyss
 66451 | Depths:4 | Identified the +2 demon whip of Focus {freeze, rC+ SInv}
 66509 | Depths:4 | Acquired 933 gold pieces
 66578 | Zot:1    | Entered Level 1 of the Realm of Zot
 66697 | Zot:1    | Received a gift from Okawaru
 66697 | Zot:1    | Found the +12 glaive of Prune {vorpal}
 68877 | Zot:3    | Received a gift from Okawaru
 70331 | Zot:3    | Noticed an orb of fire
 71091 | Zot:3    | Reached skill level 27 in Dodging
 72246 | Zot:4    | Noticed an orb of fire
 72260 | Zot:4    | Gained mutation: You occasionally shout uncontrollably at
                  | your foes. [an orb of fire]
 72261 | Zot:4    | Banished an orb of fire
 72262 | Zot:4    | Reached XP level 27. HP: 258/300 MP: 28/28
 73033 | Zot:4    | Received a gift from Okawaru
 73151 | Zot:4    | Identified the +4 dagger "Vyteati" {freeze, rCorr Int+5}
 73983 | Zot:5    | Entered Level 5 of the Realm of Zot
 73986 | Zot:5    | Noticed a dread lich
 73986 | Zot:5    | Noticed a dread lich
 74003 | Zot:5    | Reached skill level 10 in Evocations
 74021 | Zot:5    | Reached skill level 15 in Invocations
 74660 | Zot:5    | Received a gift from Okawaru
 74689 | Zot:5    | Reached skill level 1 in Spellcasting
 75299 | Zot:5    | Noticed an orb of fire
 75312 | Zot:5    | Gained mutation: You are weak. (Str -2) [an orb of fire]
 75314 | Zot:5    | Killed an orb of fire
 75333 | Zot:5    | Lost mutation: You occasionally shout uncontrollably at
                  | your foes. [potion of mutation]
 75333 | Zot:5    | Lost mutation: You are weak. (Str -2) [potion of mutation]
 75333 | Zot:5    | Lost mutation: Your magical capacity is low. (-10% MP)
                  | [potion of mutation]
 75333 | Zot:5    | Gained mutation: You are partially covered in iridescent
                  | scales. (AC +2) [potion of mutation]
 75333 | Zot:5    | Gained mutation: You are agile. (Dex +2) [potion of
                  | mutation]
 75333 | Zot:5    | Gained mutation: Your mind is acute. (Int +2) [potion of
                  | mutation]
 75333 | Zot:5    | Gained mutation: You have supernaturally acute eyesight.
                  | (SInv) [potion of mutation]
 75384 | Zot:5    | Killed a dread lich
 75448 | Zot:5    | Noticed an orb of fire
 75514 | Zot:5    | Lost mutation: Your mind is acute. (Int +2) [an orb of
                  | fire]
 75514 | Zot:5    | Lost mutation: You are agile. (Dex +2) [an orb of fire]
 75520 | Zot:5    | Killed an orb of fire
 75549 | Zot:5    | Noticed an orb of fire
 75575 | Zot:5    | Banished an orb of fire
 75866 | Zot:5    | Noticed an ancient lich
 75883 | Zot:5    | Killed an ancient lich
 75902 | Zot:5    | Killed a dread lich
 75902 | Zot:5    | Received a gift from Okawaru
 76339 | Zot:5    | Reached skill level 5 in Spellcasting
 76378 | Zot:5    | Noticed an orb of fire
 76378 | Zot:5    | Noticed an orb of fire
 76385 | Zot:5    | Gained mutation: You have hidden genetic potential. [an orb
                  | of fire]
 76386 | Zot:5    | Noticed an orb of fire
 76665 | Zot:5    | Gained mutation: Potions are less effective at restoring
                  | your health. [an orb of fire]
 76673 | Zot:5    | Banished an orb of fire
 76712 | Zot:5    | Banished an orb of fire
 76731 | Zot:5    | Reached skill level 1 in Translocations
 76736 | Zot:5    | Noticed a dread lich
 76739 | Zot:5    | Received a gift from Okawaru
 76747 | Zot:5    | Noticed an orb of fire
 76758 | Zot:5    | Gained mutation: Your magical capacity is low. (-10% MP)
                  | [mutagenic glow]
 76765 | Zot:5    | Gained mutation: You are occasionally teleported next to
                  | monsters. [an orb of fire]
 76769 | Zot:5    | Noticed an orb of fire
 76772 | Zot:5    | Gained mutation: You are sometimes teleported next to
                  | monsters. [mutagenic glow]
 76776 | Zot:5    | Lost mutation: You are strong-willed. (Will+) [an orb of
                  | fire]
 76778 | Zot:5    | Gained mutation: You sometimes lose the ability to read
                  | scrolls when taking damage. [an orb of fire]
 76799 | Zot:5    | Gained mutation: You are clumsy. (Dex -2) [mutagenic glow]
 76925 | Zot:5    | Paralysed by a dread lich for 7 turns
 76933 | Zot:5    | Lost mutation: You are clumsy. (Dex -2) [potion of
                  | mutation]
 76933 | Zot:5    | Lost mutation: You are robust. (+10% HP) [potion of
                  | mutation]
 76933 | Zot:5    | Lost mutation: Your magical capacity is low. (-10% MP)
                  | [potion of mutation]
 76933 | Zot:5    | Gained mutation: Your body sometimes deteriorates upon
                  | taking damage. [potion of mutation]
 76933 | Zot:5    | Gained mutation: Your magical capacity is low. (-10% MP)
                  | [potion of mutation]
 76934 | Zot:5    | Lost mutation: Your body sometimes deteriorates upon taking
                  | damage. [potion of mutation]
 76934 | Zot:5    | Lost mutation: You are partially covered in iridescent
                  | scales. (AC +2) [potion of mutation]
 76935 | Zot:5    | Lost mutation: You have a pair of large horns on your head.
                  | [potion of mutation]
 76935 | Zot:5    | Lost mutation: Your magical capacity is low. (-10% MP)
                  | [potion of mutation]
 76935 | Zot:5    | Gained mutation: Your spells are a little harder to cast,
                  | but a little more powerful. [potion of mutation]
 76935 | Zot:5    | Gained mutation: You have sharp toenails. [potion of
                  | mutation]
 76936 | Zot:5    | Lost mutation: You sometimes lose the ability to read
                  | scrolls when taking damage. [potion of mutation]
 76946 | Zot:5    | HP: 15/409 [black draconian knight/bolt of cold (18)]
 76947 | Zot:5    | HP: 2/409 [electric golem (7)]
 76947 | Zot:5    | Mangled by a dread lich

Illustrated notes

Levels and vault maps discovered:
D:1:      amcnicky_arrival_feature_with_door, layout_basic, serial_glass,
          glass_columns_a, glass_columns_a, glass_columns_b, glass_columns_a,
          st_stairs_13
D:2:      minmay_door_path, layout_basic, serial_shops, shop_fountains,
          uniq_jessica, uniq_crazy_yiuf_cottage, uniq_sigmund
D:3:      layout_basic, portal_sewer_entry_a, minmay_misc_feat_diagonals
D:4:      layout_rooms, lemuel_crystal_altar, grunt_ashenzari_visionary
          [grunt_ashenzari_visionary_shoals, grunt_ashenzari_visionary_spider],
          uniq_eustachio, uniq_edmund, uniq_duvessa
D:5:      layout_rooms, grunt_temple_overflow_order_and_chaos_2,
          mainiacjoe_overflow_surrounded_room, mainiacjoe_overflow_boulevard,
          lemuel_tele_altar, serial_shops, shop_fountains, shop
D:6:      layout_basic, lightli_temple_of_fire, grunt_dithmenos_shadows,
          skrybe_limestone_x, uniq_menkaure
D:7:      layout_basic, mainiacjoe_overflow_paths, overflow_temple_1_default,
          temple_pool_b
D:8:      layout_basic, overflow_temple_1_default,
          nicolae_hepliaklqana_monster_ancestors, nicolae_wu_jian_wuxing_cycle
D:9:      layout_roguey, serial_shops, nicolae_shop_statue_plus
D:10:     layout_long_grid, lemuel_coloured_pillars_altar, erik_lair_dragon,
          orc_0_dummy, uniq_maggie
D:11:     minmay_the_grid_octo_2x2 [minmay_the_grid_octo_toaster,
          minmay_the_grid_octo_pinwheel, minmay_the_grid_octo_checkered,
          minmay_the_grid_octo_prize_single_spiral], layout_cave_pools,
          gauntlet_entry_generic
D:12:     layout_basic
D:13:     layout_roguey, serial_shops, nicolae_shop_waterfront,
          nicolae_ru_the_path_less_chosen, uniq_sonja, uniq_urug
D:14:     layout_roguey, david_vaults_5
D:15:     grunt_enter_depths_snipers, layout_loops_ring, minmay_crystal_water,
          einodemon_barbed_minivault, uniq_agnes
Lair:1:   layout_big_grid, st_stairs_7, grunt_megastairs_3
Lair:2:   layout_layer_cave, dummy_spider_entry, gammafunk_ghost_ooze,
          small_statue_intersection
Lair:3:   layout_loops_ring, minmay_shoals_entry_lonely_mermaid
Lair:4:   minmay_guarded_unrand_snakebite, layout_long_grid, basic_altar
Lair:5:   layout_roguey, minmay_slime_entry_pillars, lemuel_altar_in_water2
Lair:6:   evil_forest, layout_gridlike, infiniplex_staircase_pool_2,
          grunt_megastairs_4, serial_bayou_shore_b
Shoals:1: layout_shoals, serial_shops, bzr_entry_road, shop,
          nicolae_shop_temple_entry_statues_fountains, shop,
          nzn_prometheus_bound
Shoals:2: layout_shoals, serial_shops, nicolae_lakefront_shop
Shoals:3: layout_shoals, serial_shops, shop
Shoals:4: shoals_end_hellmonk_storm_palace [storm_palace_center_ruins,
          storm_palace_corner_blocked, storm_palace_corner_reverse_hut,
          storm_palace_corner_narrow, storm_palace_corner_pillars],
          uniq_polyphemus
Spider:1: nicolae_spider_hilbert_zone_2 [nicolae_spider_hilbert_4_sides_1_open,
          nicolae_spider_hilbert_4_sides_1_open,
          nicolae_spider_hilbert_4_sides_1_open,
          nicolae_spider_hilbert_4_sides_1_open,
          nicolae_spider_hilbert_6_sides_1_open,
          nicolae_spider_hilbert_6_sides_1_open,
          nicolae_spider_hilbert_3_sides_1_open,
          nicolae_spider_hilbert_3_sides_1_open,
          nicolae_spider_hilbert_3_sides_1_open,
          nicolae_spider_hilbert_3_sides_1_open,
          nicolae_spider_hilbert_6_sides_1_open,
          nicolae_spider_hilbert_6_sides_1_open,
          nicolae_spider_hilbert_6_sides_1_open,
          nicolae_spider_hilbert_6_sides_1_open]
Spider:2: layout_spider_delve, uniq_arachne
Spider:3: layout_spider_delve, ebering_ghost_rock_garden,
          guppyfry_spider_mini_2, uniq_aizul
Spider:4: grunt_spider_rune_circles
Slime:1:  layout_caves
Slime:2:  layout_caves
Slime:3:  layout_caves
Slime:4:  layout_caves
Slime:5
Orc:1:    layout_diamond_mine, basic_altar, uniq_gastronok, uniq_josephine,
          uniq_jorgrun
Orc:2:    grunt_orc_tribal_feast, layout_caves, serial_shops,
          nicolae_shop_hallway_stairs, uniq_maurice
Elf:1:    elf_arrival_001, layout_loops_corners, serial_shops, shop,
          minmay_elf_sorcery, uniq_nikola, uniq_azrael
Elf:2:    elven_hall_of_blades_hangedman_original
          [nicolae_blade_entry_diamond_columns], layout_loops_cross,
          serial_shops, nicolae_lakefront_shop, uniq_louise
Elf:3:    minmay_elf_hall_four_x, layout_loops_corners, uniq_saint_roka,
          uniq_donald
Vaults:1: nicolae_vaults_circle_grid_b, nicolae_vaults_network_square,
          vaults_room_door_hall, nicolae_vaults_network_s,
          nicolae_vaults_puzzle_piece, vaults_room_semicircle,
          hangedman_vaults_unwind, nicolae_vaults_network_star, v_misc_24,
          v_alt_pattern_1, hangedman_vaults_stretched_pinwheel, serial_ice_b,
          serial_ice_g, vaults_mumra_bighexcomb, v_misc_22,
          layout_vaults_maze_bifur
Vaults:2: ebering_ghost_reflecting_pool, hangedman_vaults_variations,
          vaults_dpeg_diagonal, v_misc_19, nicolae_vaults_asterisk,
          vaults_mumra_hexcomb, hangedman_vaults_stretched_pinwheel,
          layout_vaults_omnigrid
Vaults:3: mu_enter_wizlab_5, minmay_crypt_entry_simple_round, vaults_room_pool,
          nicolae_vaults_border_crossing, nicolae_vaults_little_squares_6,
          v_misc_23, vaults_dpeg_ring, nicolae_vaults_stairing_the_circle,
          vaults_dpeg_doors, nicolae_vaults_rhombus_7, st_octagons_1,
          vaults_room_door_ring, hangedman_vaults_capsules, layout_vaults_ring
Vaults:4: dpeg_vaults_monster_box, vaults_mumra_hex,
          ontoclasm_vaults_ring_small, special_room_vaults [special_room_orc],
          v_misc_13, hangedman_vaults_snaps, vaults_room_door_hall,
          vaults_dpeg_spiral, vaults_room_large_hall, ontoclasm_vaults_spin,
          layout_vaults_big_room, serial_shops, shop
Vaults:5: serial_shops
Depths:1: layout_long_grid, enter_ziggurat_a, minmay_misc_feat_room, hell_entry,
          tso_oasis_becter, minmay_shop_star
Depths:2: grunt_bruiser_brothers, layout_cross, hangedman_coc_ice_floe,
          abyss_entry_crystal, hangedman_decor_diamond_cutter,
          rand_demon_pan_entry_8, uniq_sojobo
Depths:3: minmay_connected_triangles_in_corner, layout_basic,
          abyss_entry_small_statue_room, nicolae_lava_and_water, hell_entry,
          serial_bayou_shore_a, firewood_loft, grunt_megastairs_2,
          minmay_staircase_bubble
Depths:4: grunt_zot_entry_tricorne, layout_honeycomb, abyss_entry, hellmouth_2,
          hex_tiny, serial_bayou_shore_b
Zot:1:    layout_onion_interference
Zot:2:    layout_basic
Zot:3:    layout_onion, grunt_megastairs_5
Zot:4:    lemuel_acid_trip, layout_concentric_octagons
Zot:5:    layout_basic

Skill      XL: |  1  2  3  4  5  6  7  8  9 10 11 12 13 14 15 16 17 18 19 20 21 22 23 24 25 26 27 |
---------------+----------------------------------------------------------------------------------+-----
Dodging        | 1 2 3 5 6 7 8 10 11 12 13 15 18 19 20 24 27 | 27.0
Fighting       | 4 5 6 8 9 10 12 13 15 17 18 19 20 21 23 24 25 26 27 | 27.0
Armour         | 4 5 8 10 12 13 15 16 17 19 21 22 23 26 27 | 27.0
Shields        | 4 5 10 14 15 16 17 | 17.0
Maces & Flails | 3 5 6 8 9 10 12 13 15 16 | 16.0
Invocations    | 2 4 5 7 8 10 11 13 17 | 17.0
Polearms       | 2 10 14 16 17 18 | 18.0
Evocations     | 1 3 4 5 7 8 10 | 10.4
Spellcasting   | 5 |  5.0
Translocations | 2 |  2.3

Action                   |  1- 3 |  4- 6 |  7- 9 | 10-12 | 13-15 | 16-18 | 19-21 | 22-24 | 25-27 || total
-------------------------+-------+-------+-------+-------+-------+-------+-------+-------+-------++-------
Melee: Flail             |    93 |    80 |   282 |   160 |       |       |       |       |       ||   615
       Headbutt          |    12 |    15 |    84 |   161 |   333 |   300 |   332 |   366 |   575 ||  2178
       Morningstar       |       |       |       |   417 |   495 |       |       |       |       ||   912
       Whip              |       |       |       |       |   240 |       |       |       |       ||   240
       Demon trident     |       |       |       |       |   454 |  1780 |  1545 |  1795 |  2643 ||  8217
       Eveningstar       |       |       |       |       |     8 |       |       |       |       ||     8
Throw: Throwing net      |       |       |       |       |     2 |       |       |       |     1 ||     3
Invok: Heroism           |       |       |       |     6 |     8 |     1 |     2 |     1 |       ||    18
       Finesse           |       |       |       |       |       |       |       |     5 |     8 ||    13
       Duel              |       |       |       |       |       |       |       |     1 |       ||     1
Evoke: Wand              |       |       |       |     5 |       |       |       |       |       ||     5
  Use: Potion            |       |     2 |       |     1 |       |     3 |     1 |     4 |    23 ||    34
       Scroll            |       |     8 |     9 |     4 |     6 |     5 |    15 |     3 |    14 ||    64
 Stab: Sleeping          |       |       |     2 |       |       |       |       |       |       ||     2
       Distracted        |       |       |       |       |     2 |     1 |     1 |     1 |     4 ||     9
       Held in net/web   |       |       |       |       |       |     3 |       |       |       ||     3
       Petrified         |       |       |       |       |       |     2 |       |       |       ||     2
       Paralysed         |       |       |       |       |       |       |     1 |       |       ||     1
Armor: Scale mail        |    30 |    26 |    24 |       |       |       |       |       |       ||    80
       Chain mail        |       |       |    53 |       |       |       |       |       |       ||    53
       Plate armour      |       |       |    74 |   142 |       |       |       |       |       ||   216
       Skin              |       |       |       |    31 |       |       |       |       |       ||    31
       Crystal plate arm |       |       |       |   200 |   798 |   561 |   220 |       |       ||  1779
       Gold dragon scale |       |       |       |       |       |       |     7 |   374 |   611 ||   992
Dodge: Dodged            |    42 |    39 |    92 |   170 |   327 |   376 |   200 |   404 |   766 ||  2416
Block: Buckler           |    15 |    17 |    70 |   162 |   324 |   139 |       |       |       ||   727
       Kite shield       |       |       |       |       |   231 |   766 |   594 |   630 |  1102 ||  3323
       Reflection        |       |       |       |       |    23 |    50 |    68 |    85 |    29 ||   255

Table legend: (Time is in decaauts)
 A = Elapsed time spent in this place.
 B = Non-inter-level travel time spent in this place.
 C = Inter-level travel time spent in this place.
 D = Time resting spent in this place.
 E = Time spent auto-exploring this place.
 F = Levels seen in this place.
 G = Mean time per level.
                   A        B        C        D        E       F      G
               +--------+--------+--------+--------+--------+-----+--------+
         Total |  73938 |  67892 |   6046 |  13602 |  31633 |  64 | 1155.3 |
       Dungeon |  17327 |  14890 |   2437 |   1971 |   9855 |  15 | 1155.1 |
          Lair |   8208 |   6925 |   1283 |    519 |   4718 |   6 | 1368.0 |
        Shoals |   3718 |   3364 |    354 |    191 |   1808 |   4 |  929.5 |
   Spider Nest |   4772 |   4560 |    212 |   1021 |   2457 |   4 | 1193.0 |
    Slime Pits |   1236 |   1236 |      0 |    696 |      0 |   5 |  247.2 |
  Orcish Mines |   1831 |   1663 |    168 |    273 |    736 |   2 |  915.5 |
   Elven Halls |   4632 |   4402 |    230 |    611 |   2004 |   3 | 1544.0 |
        Vaults |  10869 |  10582 |    287 |   2838 |   4691 |   5 | 2173.8 |
        Depths |   6193 |   5521 |    672 |   1404 |   2178 |   4 | 1548.2 |
           Zot |   9719 |   9320 |    399 |   3506 |   1983 |   5 | 1943.8 |
         Abyss |   3515 |   3515 |      0 |    428 |     27 |   6 |  585.8 |
        Bazaar |     34 |     34 |      0 |      0 |     22 |   1 |   34.0 |
         Sewer |    378 |    378 |      0 |    142 |    182 |   1 |  378.0 |
        Wizlab |    955 |    955 |      0 |      0 |    611 |   1 |  955.0 |
      Gauntlet |    532 |    532 |      0 |      0 |    358 |   1 |  532.0 |
         Arena |     13 |     13 |      0 |      0 |      0 |   1 |   13.0 |
               +--------+--------+--------+--------+--------+-----+--------+

Top non-repeatable levels by time:
Vaults:4: 3408 daAuts
   Zot:4: 3106 daAuts
   Elf:3: 2442 daAuts
Depths:4: 2370 daAuts
   Zot:2: 2170 daAuts
Vaults:1: 2137 daAuts
Vaults:5: 2034 daAuts
    D:10: 2031 daAuts
 Abyss:2: 2015 daAuts
Spider:1: 1926 daAuts
Vaults:3: 1825 daAuts
   Zot:5: 1721 daAuts
     D:2: 1661 daAuts
  Lair:4: 1632 daAuts
   Zot:3: 1584 daAuts
